 Dungeon Crawl Stone Soup version bcrawl-1.21.3 (webtiles) character file.

Game seed: 15513042329560978314

54 Flugslaktarn the Sneak (level 3, -1/23 HPs)
             Began as a Skeleton Archaeologist on Mar 29, 2020.
             Killed by divine providence
             ... invoked by an orc priest
              (10 damage)
             ... on level 3 of the Dungeon.
             The game lasted 00:01:01 (1709 turns).

Flugslaktarn the Sneak (Skeleton Archaeologist)     Turns: 1709, Time: 00:01:01

Health: -1/23      AC: 13    Str: 18      XL:     3   Next: 66%
Magic:  0/3        EV:  7    Int: 11 (12) God:
Gold:   138        SH:  0    Dex:  7      Spells: 2/2 levels left

rFire    . . .     SeeInvis .   a - +0 whip
rCold    + . .     Gourm    .   (no shield)
rNeg     + + +     Faith    .   m - +0 plate armour
rPois    ∞         Spirit   +   c - +1 hat
rElec    .         Reflect  .   (no cloak)
rCorr    .         Harm     .   (no gloves)
MR       .....                  d - +1 pair of boots
Stlth    ..........             (no amulet)
HPRegen  0.07/turn              (no ring)
MPRegen  0.08/turn              (no ring)

@: no status effects
A: no food or potions, cold resistance 1, deterioration 1, negative energy
resistance 3, torment resistance, unbreathing, magic shield, sturdy frame 1,
spell healing
a: no special abilities


You were on level 3 of the Dungeon.
You were not hungry.

You visited 1 branch of the dungeon, and saw 3 of its levels.

You collected 138 gold pieces.

Inventory:

Hand Weapons
 a - a +0 whip (weapon)
Armour
 b - a +1 robe
 c - a +1 hat (worn)
 d - a +1 pair of boots (worn)
 m - a +0 plate armour (worn)
   (You found it on level 2 of the Dungeon)
Jewellery
 h - an uncursed ring of resist corrosion {unknown}
   (You found it on level 1 of the Dungeon)
 l - a +6 ring of intelligence {unknown}
   (You found it on level 2 of the Dungeon)
Scrolls
 e - 2 scrolls of magic mapping
 g - a scroll of noise {unknown}
 i - a scroll of teleportation {unknown}
 j - 2 scrolls of remove curse {unknown}
 k - a scroll of fear {unknown}
 n - a scroll of immolation {unknown}
Miscellaneous
 f - a dusty tome


   Skills:
 * Level 3.0 Fighting
 - Level 1.2 Maces & Flails
 + Level 1.9 Armour
 - Level 3.0 Dodging
 - Level 3.6 Stealth


You had 2 spell levels left.
You didn't know any spells.
Your spell library was empty.

Dungeon Overview and Level Annotations

Branches:
Dungeon (3/12)

Altars:

Annotations:
D:2 Sigmund


Innate Abilities, Weirdness & Mutations

You do not eat or drink.
You are immune to poison.
Your flesh is cold resistant. (rC+)
Your body sometimes deteriorates upon taking damage.
You are immune to negative energy. (rN+++)
You are immune to unholy pain and torment.
You can survive without breathing.
When hurt, damage is shared between your health and your magic reserves.
Your movements are slightly less encumbered by armour. (ER -2)
Casting spells heals you.


Message History

The adder is lightly wounded.
An orc comes into view.
A worker ant comes into view.
The leopard gecko bites you but does no damage.
The adder bites you but does no damage.
The orc priest calls down the wrath of Beogh upon you.
Beogh smites you!
Ouch! That really hurt!
The worker ant twitches its antennae in your direction.
You miss the adder.
The adder is lightly wounded.
The leopard gecko bites you but does no damage.
The adder completely misses you. The orc barely misses you.
The leopard gecko bites you but does no damage.
The adder bites you.
You closely miss the adder.
The adder is lightly wounded.
The orc hits you but does no damage.
The orc priest calls down the wrath of Beogh upon you.
Beogh smites you!
You die...

#....†#.##..####.
....#...##.......
....#...........
...###..†#†.#### ...
#.........#
...###.........#
####...........### ##
...............$#..####
...............@S......
........#######ola..a.#
........# ##.o.....
........# .o....#
....... ...oo.# .....
....o.# .<..... .......


You could see 2 worker ants, 2 orc priests, an adder, 4 orcs and a leopard
gecko.

Vanquished Creatures
  An adder (D:3)
  An ooze (D:1)
  2 worms
  A leopard gecko (D:1)
  3 ball pythons
  3 bats (D:1)
  3 giant cockroaches
  3 goblins (D:1)
  4 hobgoblins
  3 jackals (D:1)
  3 kobolds
  A frilled lizard (D:2)
  5 rats
33 creatures vanquished.

Notes
Turn   | Place    | Note
-------+----------+-------------------------------------------
     0 | D:1      | Flugslaktarn the Skeleton Archaeologist began the quest for
                  | the Orb.
     0 | D:1      | Reached XP level 1. HP: 12/12 MP: 1/1
    92 | D:1      | Reached XP level 2. HP: 17/17 MP: 2/2
   177 | D:1      | Reached skill level 1 in Armour
   847 | D:1      | Reached XP level 3. HP: 22/22 MP: 3/3
  1486 | D:2      | Noticed Sigmund
  1709 | D:3      | Killed from afar by an orc priest

Skill      XL: |  1  2  3 |
---------------+----------+-----
Armour         | 1 |  1.9
Fighting       | 2 3 |  3.0
Maces & Flails | |  1.2
Dodging        | |  3.0
Stealth        | |  3.6

Action                   || total
-------------------------++-------
Melee: Whip              ||   167
 Stab: Sleeping          ||     3
Armor: Robe              ||    37
       Plate armour      ||    25
Dodge: Dodged            ||   102
